 Dungeon Crawl Stone Soup version 0.19-a0-1064-geb5102e (webtiles) character file.

1143 Akrasiac the Spear-Bearer (level 8, -3/90 HPs)
             Began as a Human Wanderer on Aug 2, 2016.
             Was an Initiate of the Shining One.
             Slain by Akrasiac's ghost (6 damage)
             ... on level 6 of the Dungeon.
             The game lasted 00:08:50 (5007 turns).

Akrasiac the Spear-Bearer (Human Wanderer)          Turns: 5007, Time: 00:08:50

Health: -3/90      AC: 24    Str: 16 (19) XL:     8   Next: 64%
Magic:  8/8        EV:  2    Int:  9 (10) God:    the Shining One [......]
Gold:   131        SH:  0    Dex: 13 (16) Spells: 0 memorised, 7 levels left

rFire  + . .     SeeInvis .     a - +3 spear
rCold  + . .     Gourm    .     (armour currently unavailable)
rNeg   + + +     Faith    .     (no shield)
rPois  +         Spirit   .     (helmet currently unavailable)
rElec  +         Dismiss  .     (cloak currently unavailable)
rCorr  +         Reflect  .     (gloves currently unavailable)
SustAt .         Harm     .     (boots currently unavailable)
MR     +....     NoTele   +     (no amulet)
Stlth  ++........               u - +5 ring of evasion
                                s - ring of protection from magic

@: agile, tree-form, resistant, glowing
A: no striking features
a: Renounce Religion


You were on level 6 of the Dungeon.
You worshipped the Shining One.
The Shining One was noncommittal.
You were very hungry.
You were a tree.
You visited 2 branches of the dungeon, and saw 7 of its levels.

You collected 329 gold pieces.
You spent 198 gold pieces at shops.

Inventory:

Hand Weapons
 a - a +3 spear (weapon)
 b - a +0 falchion
 e - a +0 dagger
Missiles
 o - 3 javelins of returning (quivered)
Armour
 r - a +1 ring mail of poison resistance (melded)
 v - a +0 buckler
 y - a +2 cloak (melded)
 E - a +0 helmet (melded)
Jewellery
 s - a ring of protection from magic (left branch)
 u - a +5 ring of evasion (right branch)
Wands
 g - a wand of acid (5/15)
 F - a wand of iceblast (6/15)
Scrolls
 i - 2 scrolls of recharging {unknown}
 k - 3 scrolls of enchant weapon
 l - a scroll of fog {unknown}
 n - a scroll of teleportation
 D - a scroll of amnesia
 G - a scroll of identify
 H - a scroll of random uselessness {unknown}
Potions
 d - 2 potions of curing
 h - a potion of berserk rage
 m - 3 potions of haste
 p - a potion of beneficial mutation {unknown}
 t - a potion of degeneration
 x - a potion of resistance
 z - a potion of agility
 A - a potion of ambrosia {unknown}
 B - a potion of cure mutation {unknown}
 C - 2 potions of cancellation
Comestibles
 f - 2 bread rations
 j - 3 beef jerkies
 q - 2 meat rations


   Skills:
 - Level 4.0 Fighting
 * Level 9.9 Polearms
 - Level 1.0 Dodging
 - Level 2.0 Stealth
 + Level 1.0 Shields


You had 7 spell levels left.
You didn't know any spells.

Dungeon Overview and Level Annotations

Branches:
Dungeon (6/15)             Temple (1/1) D:6

Altars:
Ashenzari
Cheibriados
Dithmenos
Elyvilon
Gozag
Hepliaklqana
Kikubaaqudgha
Nemelex Xobeh
Pakellas
Qazlal
Ru
Sif Muna
Trog
Uskayaw
Vehumet
Xom
Zin
The Shining One

Shops:
D:4 *   D:5 }

Annotations:
D:6 Akrasiac's ghost, novice HuTm


Message History

You barely miss Akrasiac's ghost.
Akrasiac's ghost is severely damaged.
You hit Akrasiac's ghost but do no damage.
Akrasiac's ghost is severely damaged.
Akrasiac's ghost hits you.
* * * LOW HITPOINT WARNING * * *
You puncture Akrasiac's ghost!
Akrasiac's ghost is almost destroyed.
You barely miss Akrasiac's ghost.
Akrasiac's ghost is almost destroyed.
Akrasiac's ghost hits you but does no damage.
You hit Akrasiac's ghost.
Akrasiac's ghost is almost destroyed.
Akrasiac's ghost hits you but does no damage.
You hit Akrasiac's ghost.
Akrasiac's ghost is almost destroyed.
You closely miss Akrasiac's ghost.
Akrasiac's ghost is almost destroyed.
Akrasiac's ghost hits you.
You die...

######### #.......####
#......W♣..# ####
##.......##.####### #...
#........##.##....#####...
#........'...'....'...'...
#........##.##....#####...
#........##.##....# #...
#........##.####### ####
#...>........ .
#........##.# #


You could see Akrasiac's ghost.

Vanquished Creatures
  Menkaure (D:5)
  Duvessa (D:4)
  2 ice beasts
  A centaur (D:6)
  A gnoll sergeant (D:5)
  A wyvern zombie (D:6)
  Dowan (D:4)
  3 hounds
  A centaur skeleton (D:5)
  4 worker ants
  A hound zombie (D:3)
  A hound skeleton (D:4)
  Robin (D:4)
  5 gnolls (D:5)
  7 adders
  2 shadow imps
  A worm (D:3)
  2 dart slugs
  3 giant geckos
  3 orcs
  4 bats
  4 giant cockroaches
  16 goblins
  9 hobgoblins
  12 jackals
  3 quokkas
  5 giant newts
  5 kobolds
  5 rats
105 creatures vanquished.

Notes
Turn   | Place    | Note
-------+----------+-------------------------------------------
     0 | D:1      | Akrasiac the Human Wanderer began the quest for the Orb.
     0 | D:1      | Akrasiac set off with: a +2 spear, a +0 falchion, a potion of lignification, a +0 robe, a +0 dagger, a bread ration
     0 | D:1      | Reached XP level 1. HP: 19/19 MP: 1/1
    48 | D:1      | Reached XP level 2. HP: 25/25 MP: 2/2
   264 | D:1      | Reached skill level 3 in Polearms
   357 | D:1      | Reached XP level 3. HP: 22/30 MP: 3/3
  1076 | D:2      | Reached XP level 4. HP: 27/37 MP: 4/4
  1163 | D:2      | Reached skill level 4 in Polearms
  1574 | D:3      | Found a white marble altar of Elyvilon.
  1749 | D:3      | Reached XP level 5. HP: 35/42 MP: 5/5
  1805 | D:3      | Reached skill level 5 in Polearms
  2252 | D:4      | Found Xeunnuim's Assorted Antiques.
  2260 | D:4      | Bought a sapphire potion for 24 gold pieces
  2260 | D:4      | Bought a fizzy coppery potion for 24 gold pieces
  2260 | D:4      | Bought a fuming clear potion for 24 gold pieces
  2260 | D:4      | Bought a purple potion for 24 gold pieces
  2260 | D:4      | Bought 2 amethyst potions for 48 gold pieces
  2260 | D:4      | Bought a scroll labeled IWNUAC MEOBBI for 27 gold pieces
  2320 | D:4      | Noticed Robin
  2334 | D:4      | Reached XP level 6. HP: 48/48 MP: 6/6
  2355 | D:4      | Killed Robin
  2430 | D:4      | Noticed Duvessa
  2430 | D:4      | Noticed Dowan
  2604 | D:4      | Reached skill level 6 in Polearms
  2810 | D:4      | Killed Duvessa
  2841 | D:4      | Killed Dowan
  2841 | D:4      | Reached skill level 7 in Polearms
  2841 | D:4      | Reached XP level 7. HP: 36/54 MP: 7/7
  3069 | D:5      | Entered Level 5 of the Dungeon
  3082 | D:5      | Found an ancient bone altar of Kikubaaqudgha.
  3092 | D:5      | Found Funo Meh's Quality Used Wands.
  3171 | D:5      | Reached skill level 8 in Polearms
  3815 | D:5      | Noticed Menkaure
  3821 | D:5      | Killed Menkaure
  3821 | D:5      | Reached XP level 8. HP: 41/60 MP: 8/8
  3881 | D:4      | Bought a scroll labeled JUCSEE IFIRABO for 27 gold pieces
  4089 | D:5      | Found a shimmering altar of Xom.
  4089 | D:5      | Found a deep blue altar of Sif Muna.
  4249 | D:6      | Reached skill level 9 in Polearms
  4588 | D:6      | Found a staircase to the Ecumenical Temple.
  4603 | Temple   | Entered the Ecumenical Temple
  4675 | Temple   | Became a worshipper of the Shining One
  4951 | D:6      | Noticed Akrasiac's ghost (novice HuTm)
  4997 | D:6      | HP: 4/90 [Akrasiac's ghost (3)]
  5000 | D:6      | The Shining One protects you from harm!
  5002 | D:6      | HP: 2/90 [Akrasiac's ghost (3)]
  5007 | D:6      | Slain by Akrasiac's ghost

Vault maps used:
D:1:      dpeg_arrival_boxorama
D:2:      first_bread
D:3:      elyvilon_altar_5, serial_park_tiny_pond
D:4:      serial_shops, nicolae_shop_overgrown_old_shop, uniq_duvessa,
          uniq_robin
D:5:      kiku_gazebo_pond_becter, gammafunk_temple_overflow_elements,
          nicolae_for_you_no_charge, uniq_menkaure
D:6:      lightli_temple_of_fire
Temple:   eino_temple_scatter_basement

Skill      XL: |  1  2  3  4  5  6  7  8 |
---------------+-------------------------+-----
Polearms       | 3 4 5 7 8 9 |  9.9
Fighting       | |  4.0
Dodging        | |  1.0
Stealth        | |  2.0
Shields        | |  1.0

Action                   |  1- 3 |  4- 6 |  7- 9 || total
-------------------------+-------+-------+-------++-------
Melee: Spear             |    91 |   214 |   221 ||   526
Throw: Javelin           |       |       |     3 ||     3
  Use: Scroll            |       |     5 |     1 ||     6
       Potion            |       |       |     6 ||     6
 Stab: Distracted        |       |     1 |       ||     1
       Sleeping          |       |       |     2 ||     2
  Eat: Chunk             |       |     6 |     6 ||    12
Armor: Robe              |     5 |       |       ||     5
       Ring mail         |    17 |    77 |    44 ||   138
       Skin              |       |       |     7 ||     7
Dodge: Dodged            |    55 |    82 |    78 ||   215
